[Event "*** Titled Tuesday Blitz"]
[Site "Chess.com"]
[Date "2018.12.04"]
[Round "3"]
[White "MFguimaraes"]
[Black "TheBigBadChessDad"]
[Result "1/2-1/2"]
[WhiteElo "2361"]
[BlackElo "2281"]
[TimeControl "180+2"]
[EndTime "13:36:58 PST"]
[Termination "Game drawn by agreement"]

1. e4 e5 2. Nf3 Nc6 3. Bc4 Bc5 4. b4 Bxb4 5. c3 Be7 6. d4 Na5 7. Nxe5 Nxc4 8. Nxc4 d5 9. exd5 Qxd5 10. Ne3 Qd8 11. O-O Nf6 12. c4 O-O 13. Nc3 Re8 14. Re1 c6 15.
Rb1 h6 16. d5 c5 17. Qf3 Bd6 18. Nb5 Ne4 19. Nxd6 Nxd6 20. Bb2 b6 21. Qg3 f6 22. Ng4 Bxg4 23. Qxg4 Qc8 24. Rxe8+ Nxe8 25. Qg6 Qd7 26.
Re1 Qf7 27. Qg3 Rd8 28. Re6 Kh7 29. Qe3 Nd6 30. g4 Qg6 1/2-1/2

[Event "*** Titled Tuesday Blitz"]
[Site "Chess.com"]
[Date "2018.12.04"]
[Round "3"]
[White "penguingm1"]
[Black "PchelkinVK"]
[Result "0-1"]
[WhiteElo "2764"]
[BlackElo "2585"]
[TimeControl "180+2"]
[EndTime "13:37:02 PST"]
[Termination "PchelkinVK won by resignation"]

1. d4 e5 2. dxe5 d6 3. exd6 Bxd6 4. g3 Nc6 5. Bg2 Qe7 6. Nh3 Bf5 7. O-O O-O-O 8.
Nd2 h5 9. e4 Bg4 10. f3 Be6 11. Nf2 h4 12. f4 hxg3 13. hxg3 g5 14. f5 Bxg3 15. Qg4 Bh2+ 16. Kh1 Ne5 17. Qe2 g4 18.
fxe6 Nf6 19. Re1 Nh5 20. Nf1 fxe6 21. Be3 Qh4 22. Red1 Rdf8 23. Rd2 Ng3+ 24. Nxg3 Bxg3+ 25. Kg1 Nf3+ 26. Kf1 Nxd2+ 27. Qxd2 Bxf2 28. Bxf2 g3 29.
Ke1 Rxf2 30. Qd4 Rd8 31. Qc4 Rxg2 32. Qxc7+ 0-1

[Event "*** Titled Tuesday Blitz"]
[Site "Chess.com"]
[Date "2018.12.04"]
[Round "3"]
[White "731291"]
[Black "amiralfio"]
[Result "0-1"]
[WhiteElo "2586"]
[BlackElo "2424"]
[TimeControl "180+2"]
[EndTime "13:37:03 PST"]
[Termination "amiralfio won by checkmate"]

1. Nf3 Nf6 2. g3 g6 3. Bg2 Bg7 4. O-O O-O 5. c4 c5 6. Nc3 Nc6 7. a3 d6 8. Rb1 a5 9. d3 Ne8 10. Bd2 f5 11. Ne1 e5 12. Nc2 f4 13. b4 axb4 14.
axb4 Nc7 15. Nd5 Nd4 16. bxc5 dxc5 17. Nxd4 cxd4 18. Nxc7 Qxc7 19. Qb3 Kh8 20. Bf3 h5 21. Qb6 Qf7 22. Bd5 Qf5 23. Be4 Qg4 24. Qf6 Bxf6 25.
Bb4 Rg8 26. Bg2 Qxe2 27. Rbd1 Ra2 28. Bd5 Bh3 29. c5 Bxf1 30. Rxf1 Rb2 31. Ba3 Rc2 32. Bb3 Rd2 33. Bc4 fxg3 34. hxg3 h4 35. Bc1 Rd1 36. Rxd1 Qxd1+ 37. Kg2 Qxc1 38. Bxg8 Kxg8 39. Kf3 hxg3 40. Ke4 Qxc5 41. fxg3 b5 42. Kf3 b4 43. Kg4 b3 44. Kf3 b2 45. Kg4 b1=Q 46. Kf3 Qc6+ 47. Kg4 Qd1+ 48. Kh3 Qch1# 0-1

[Event "*** Titled Tuesday Blitz"]
[Site "Chess.com"]
[Date "2018.12.04"]
[Round "3"]
[White "Grieve72"]
[Black "arctic_t00"]
[Result "0-1"]
[WhiteElo "2308"]
[BlackElo "2402"]
[TimeControl "180+2"]
[EndTime "13:37:11 PST"]
[Termination "arctic_t00 won by checkmate"]

1. d4 Nf6 2. Bg5 e6 3. e4 h6 4. Bxf6 Qxf6 5. c3 d6 6. Bd3 e5 7. Ne2 g6 8. O-O Bg7 9. f4 Qe7 10. f5 O-O 11. fxg6 fxg6 12. Qb3+ Kh7 13. Rxf8 Qxf8 14.
Nd2 Qe7 15. Nc4 Nd7 16. Rf1 Nf6 17. d5 h5 18. Na5 Bh6 19. Kh1 Ng4 20. Rf3 Qh4 21.
h3 Qe1+ 22. Ng1 Be3 23. Rf1 Qh4 24. Nf3 Nf2+ 25. Rxf2 Qxf2 26. Qb5 Bxh3 27. Bf1 Rf8 28. Nxb7 Rxf3 29. gxf3 Qxf3+ 30. Kh2 Bf4+ 31. Kg1 Qg3+ 32.
Kh1 Qh2# 0-1

[Event "*** Titled Tuesday Blitz"]
[Site "Chess.com"]
[Date "2018.12.04"]
[Round "3"]
[White "capatl"]
[Black "kacprekt"]
[Result "1-0"]
[WhiteElo "2557"]
[BlackElo "2402"]
[TimeControl "180+2"]
[EndTime "13:37:13 PST"]
[Termination "capatl won by resignation"]

1. c4 g6 2. Nc3 c5 3. g3 Bg7 4.
Bg2 Nc6 5. e3 e6 6. Nge2 Nge7 7.
O-O O-O 8. b3 b6 9. Bb2 Bb7 10.
a3 Rc8 11. Rc1 Qc7 12. Nb5 Qb8 13. Bxg7 Kxg7 14. d4 a6 15. Nbc3 cxd4 16. Nxd4 Rfd8 17. Nf3 d5 18. cxd5 Nxd5 19. Nxd5 Rxd5 20. Qe2 f6 21. Qb2 e5 22. Ng5 Rd6 23. Ne4 Rd7 24. Bh3 f5 25. Nc3 Ne7 26. Rfd1 Rxd1+ 27. Rxd1 Qc7 28.
Ne2 Bf3 29. Rc1 Qb8 30. Rxc8 Nxc8 31. Bg2 Bxg2 32. Kxg2 Qb7+ 33. f3 Kf6 34. Qc3 Nd6 35.
Kf2 Nb5 36. Qb4 Qd7 37. a4 Nc7 38. Qxb6+ Ne6 39. a5 f4 40. gxf4 exf4 41. Nxf4 Qd2+ 42. Ne2 Kf7 43. Qxa6 Ng5 44. Qc4+ Kg7 45. Qd4+ 1-0

[Event "*** Titled Tuesday Blitz"]
[Site "Chess.com"]
[Date "2018.12.04"]
[Round "3"]
[White "Tjktiger"]
[Black "Gr3egor"]
[Result "1-0"]
[WhiteElo "2667"]
[BlackElo "2496"]
[TimeControl "180+2"]
[EndTime "13:37:13 PST"]
[Termination "Tjktiger won by resignation"]

1. c4 Nf6 2. Nc3 g6 3. g3 Bg7 4. Bg2 O-O 5. d4 c6 6. e4 d6 7.
Nge2 e5 8. O-O Re8 9. h3 Nbd7 10.
Be3 Qe7 11. d5 c5 12. Qd2 Rf8 13. Rae1 a6 14. a4 Ne8 15. f4 exf4 16. gxf4 f5 17. Ng3 Qh4 18. Bf2 Qh6 19. exf5 gxf5 20. Nxf5 Rxf5 21. Rxe8+ Nf8 22. Rfe1 Rxf4 23. Be3 Bd4 24.
Bxd4 cxd4 25. Ne4 b6 26. Qxd4 Qg6 27. Qd2 Bxh3 28. Rxa8 Rg4 29. Re2 Kg7 30. Qc3+ Kh6 31. Qxh3+ 1-0

[Event "*** Titled Tuesday Blitz"]
[Site "Chess.com"]
[Date "2018.12.04"]
[Round "3"]
[White "Makalexa"]
[Black "orrbaverlekszarnyon"]
[Result "1-0"]
[WhiteElo "2144"]
[BlackElo "2204"]
[TimeControl "180+2"]
[EndTime "13:37:14 PST"]
[Termination "Makalexa won by resignation"]

1. e4 c5 2. Nf3 d6 3. d4 cxd4 4.
Nxd4 Nf6 5. Nc3 g6 6. Be3 Bg7 7. f3 O-O 8. Qd2 Nc6 9. g4 Be6 10. Nxe6 fxe6 11. g5 Nh5 12. Be2 Qa5 13. O-O Rad8 14. f4 d5 15. Bxh5 d4 16. Bf3 dxe3 17. Qe1 Rxf4 18. Qg3 Be5 19. Ne2 Rf5 20. Qh3 Rxg5+ 21.
Kh1 Bf6 22. Qxe6+ Kg7 23. Rg1 Rxg1+ 24. Rxg1 Ne5 25. Bh5 Qd2 26. Nf4 Qd6 27. Qh3 Kh8 28. Bxg6 Nxg6 29. Nxg6+ Kg7 30. Nxe7+ Kf8 31. Nf5 Qc7 32.
Qh6+ Ke8 33. Qxf6 Qf7 34. Qe5+ Kf8 35. Qh8+ 1-0

[Event "*** Titled Tuesday Blitz"]
[Site "Chess.com"]
[Date "2018.12.04"]
[Round "3"]
[White "sergeikim"]
[Black "dereito"]
[Result "1-0"]
[WhiteElo "2430"]
[BlackElo "2302"]
[TimeControl "180+2"]
[EndTime "13:37:16 PST"]
[Termination "sergeikim won by checkmate"]

1. d4 f5 2. c4 e6 3. g3 Nf6 4. Bg2 Be7 5. Nh3 O-O 6. O-O d6 7. Nf4 c6 8. e3 e5 9. dxe5 dxe5 10. Nd3 e4 11. Nf4 Qe8 12. b3 g5 13. Ne2 Nbd7 14.
Bb2 Bd8 15. Qd6 Bb6 16. b4 c5 17. a3 Qd8 18. Qe6+ Rf7 19. Qxf5 Rg7 20. Rd1 Qe7 21. b5 Nf8 22. Qe5 Qxe5 23. Bxe5 N8d7 24. Bb2 Re7 25. Nbc3 Ne5 26. Nxe4 Nxe4 27. Bxe4 Nxc4 28. Bd5+ Be6 29.
Bf6 Ree8 30. Bxg5 Bxd5 31. Rxd5 Kf7 32. Nf4 Ne5 33. Kg2 c4 34. Rc1 Rac8 35. Ne2 Nd3 36. Rd1 Ke6 37. Nf4+ Nxf4+ 38. Bxf4 c3 39. Re5+ Kf7 40.
Rd7+ Kf6 41. Rxe8 Rxe8 42. Kf3 c2 43. e4 Rc8 44. Rxh7 Rc3+ 45. Kg4 Bxf2 46. Rxb7 Rxa3 47. Rc7 Ra2 48. Rc6+ Ke7 49. h4 Bd4 50. h5 Kf7 51.
Kf5 Ra5 52. Rc7+ Kg8 53. Rxc2 Rxb5+ 54. e5 a5 55. Rc8+ Kf7 56. Ra8 Kg7 57. h6+ Kh7 58.
g4 Bc3 59. g5 Rb6 60. g6+ Rxg6 61. Ra7+ Kh8 62. Kxg6 a4 63. Ra8# 1-0

[Event "*** Titled Tuesday Blitz"]
[Site "Chess.com"]
[Date "2018.12.04"]
[Round "3"]
[White "Rashad_Zeynalli"]
[Black "ALeks_Ivlev"]
[Result "0-1"]
[WhiteElo "2336"]
[BlackElo "2492"]
[TimeControl "180+2"]
[EndTime "13:37:20 PST"]
[Termination "ALeks_Ivlev won by checkmate"]

1. d4 Nf6 2. c4 e6 3. Nc3 Bb4 4. e3 c5 5. Ne2 cxd4 6. exd4 O-O 7. a3 Be7 8. d5 d6 9. Ng3 a5 10. Bd3 Na6 11. O-O Nc5 12. Bc2 Bd7 13. Bg5 a4 14. Re1 b6 15. Be3 Qc7 16. Rc1 Rfe8 17. Bxc5 Qxc5 18.
Nxa4 Qc7 19. Bb3 Bf8 20. Nc3 e5 21. Nce4 Nxe4 22. Nxe4 h6 23. Ng3 g6 24. h4 f5 25.
h5 g5 26. Bc2 e4 27. f3 Bg7 28. fxe4 f4 29. Nf5 Bxf5 30. exf5 Bxb2 31. Rb1 Bc3 32. Re6 Qc5+ 33. Kh1 Be5 34. Qd3 Rxa3 35. Rxe8+ Kf7 36.
Rc8 Rxd3 37. Rxc5 Rd2 38. Rc7+ Kf6 39. Be4 g4 40. Rh7 Kg5 41. Rb7 f3 42. gxf3 Rh2+ 43. Kg1 g3 44. Rb8 Bd4+ 45. Kf1 g2+ 46. Ke2 g1=Q+ 47.
Kd3 Qe3# 0-1

[Event "*** Titled Tuesday Blitz"]
[Site "Chess.com"]
[Date "2018.12.04"]
[Round "3"]
[White "Samuray111"]
[Black "Ali_rastbod"]
[Result "1-0"]
[WhiteElo "2609"]
[BlackElo "2571"]
[TimeControl "180+2"]
[EndTime "13:37:22 PST"]
[Termination "Samuray111 won by checkmate"]

1. Nf3 d5 2. e3 Nf6 3. c4 c6 4.
Nc3 g6 5. d4 Bg7 6. Bd3 O-O 7.
O-O Bf5 8. Bxf5 gxf5 9. b3 e6 10.
a4 Re8 11. Ba3 Ne4 12. Qc2 Nd7 13. Rfc1 Qf6 14. Ne2 Qh6 15. Nf4 Ndf6 16. h3 Nh5 17. Nxh5 Qxh5 18. Bb2 Bf6 19. Qd1 Qg6 20. Ne5 Bxe5 21.
dxe5 Kh8 22. f3 Rg8 23. Rc2 Ng5 24. Kh1 Qh5 25. Qf1 Qh4 26. cxd5 cxd5 27. Rd1 Rac8 28.
Rxc8 Rxc8 29. Rc1 Rxc1 30. Bxc1 Qg3 31. Bd2 Qh4 32. Be1 Qh5 33. Bb4 h6 34. Be7 Kh7 35.
Bf6 Kg6 36. Kh2 a6 37. a5 Kh7 38. b4 Qg6 39. b5 axb5 40. Qxb5 Qh5 41. Qxb7 Nxf3+ 42. gxf3 Kg6 43. Qc8 Qxf3 44. Qg8+ Kh5 45. Qxf7# 1-0

[Event "*** Titled Tuesday Blitz"]
[Site "Chess.com"]
[Date "2018.12.04"]
[Round "3"]
[White "Anar_Aliakbarov"]
[Black "NikolaGry"]
[Result "1/2-1/2"]
[WhiteElo "2574"]
[BlackElo "2634"]
[TimeControl "180+2"]
[EndTime "13:37:23 PST"]
[Termination "Game drawn by agreement"]

1. d4 d5 2. c4 Nc6 3. Nf3 Bg4 4. cxd5 Bxf3 5. dxc6 Bxc6 6. Nc3 e6 7. a3 f5 8. Bf4 Nf6 9. e3 Bd6 10. Bg5 Qd7 11.
Bxf6 gxf6 12. Qh5+ Qf7 13. Qxf7+ Kxf7 14. f3 Rhg8 15.
Kf2 Bd7 16. g3 h5 17. f4 h4 18. Bg2 c6 19. Bf3 hxg3+ 20. hxg3 Rh8 21. b4 e5 22. Rxh8 Rxh8 23. Rh1 Rxh1 24. Bxh1 a5 25. bxa5 Bxa3 26. Na4 e4 27. g4 fxg4 28. Bxe4 f5 29. Bg2 Bb4 30.
Nc5 Bc8 31. a6 bxa6 32. Bxc6 Bxc5 33. dxc5 Ke7 34. e4 fxe4 35. Bxe4 a5 36. Bc6 Bd7 37.
Bxd7 Kxd7 38. f5 a4 39. f6 a3 40. f7 Ke7 41. c6 a2 42. c7 a1=Q 43. f8=Q+ Kxf8 44. c8=Q+ Ke7 45. Qxg4 Qf6+ 1/2-1/2

[Event "*** Titled Tuesday Blitz"]
[Site "Chess.com"]
[Date "2018.12.04"]
[Round "3"]
[White "DawidCzerw"]
[Black "Bauxi435"]
[Result "1-0"]
[WhiteElo "2250"]
[BlackElo "2386"]
[TimeControl "180+2"]
[EndTime "13:37:24 PST"]
[Termination "DawidCzerw won by checkmate"]

1. d4 Nf6 2. c4 e6 3. Nf3 d5 4. g3 dxc4 5. Bg2 Bd7 6. Ne5 Bc6 7. Nxc6 Nxc6 8. Bxc6+ bxc6 9. O-O Qd7 10. Qa4 c5 11.
Qxd7+ Nxd7 12. dxc5 Bxc5 13. Bd2 Bd4 14. Bc3 Bxc3 15.
Nxc3 Rb8 16. Rab1 Ke7 17. Rfc1 Nb6 18. Nb5 c6 19. Na3 Rhd8 20. Nxc4 Nxc4 21. Rxc4 Rd2 22. Rxc6 Rxe2 23. Rc7+ Kf6 24. Rxa7 Rbxb2 25. Rxb2 Rxb2 26. Kg2 g5 27. a4 h5 28. h3 Ra2 29. a5 Kg6 30. a6 e5 31. Ra8 f6 32. Kf3 Ra3+ 33. Ke4 Ra4+ 34. Kd5 Kf5 35. a7 h4 36. gxh4 gxh4 37.
Kc6 Ke4 38. Kb6 Rb4+ 39. Kc5 Ra4 40. Kb6 Rb4+ 41. Ka5 Rb2 42. Rf8 Ra2+ 43. Kb6 Rb2+ 44. Kc5 Rc2+ 45. Kd6 Ra2 46. a8=Q+ Rxa8 47. Rxa8 Kf3 48.
Rf8 Kxf2 49. Rxf6+ Kg3 50. Kxe5 Kxh3 51. Rg6 Kh2 52. Kf4 h3 53. Kf3 Kh1 54. Kg3 h2 55. Ra6 Kg1 56. Ra1# 1-0

[Event "*** Titled Tuesday Blitz"]
[Site "Chess.com"]
[Date "2018.12.04"]
[Round "3"]
[White "ChessQueen"]
[Black "GulamaliRises"]
[Result "0-1"]
[WhiteElo "2563"]
[BlackElo "2664"]
[TimeControl "180+2"]
[EndTime "13:37:25 PST"]
[Termination "GulamaliRises won by resignation"]

1. e4 c5 2. c3 Nf6 3. e5 Nd5 4.
d4 cxd4 5. Nf3 Nc6 6. cxd4 d6 7. Bc4 e6 8. O-O Be7 9. Qe2 O-O 10. Nc3 Nxc3 11. bxc3 dxe5 12. dxe5 Qc7 13. Qe4 Rd8 14.
Re1 b6 15. Qg4 Na5 16. Bh6 g6 17. Bf1 Bb7 18. Ng5 Rac8 19. Qf4 Bf8 20. Qh4 Be7 21. Re3 Nc4 22. Rh3 Nxe5 23. Bf8 h5 24. Bxe7 Qxe7 25. Be2 Kg7 26. Qg3 Qf6 27. Rxh5 gxh5 28. Bxh5 Ng6 29.
Re1 Rxc3 30. f3 Rcd3 31. Bxg6 Rd1 32. Nxe6+ fxe6 33. Bc2+ Kf8 34. Bxd1 Qd4+ 35. Qf2 Qxd1 36. Rxd1 Rxd1+ 37. Qf1 Rxf1+ 38. Kxf1 Bd5 39. a3 b5 40. Ke2 a5 41. Kd2 b4 42. axb4 axb4 43. h4 e5 44. h5 Kg7 45. Kc2 Kh6 0-1

[Event "*** Titled Tuesday Blitz"]
[Site "Chess.com"]
[Date "2018.12.04"]
[Round "3"]
[White "PelinGorki"]
[Black "baki83"]
[Result "1/2-1/2"]
[WhiteElo "2498"]
[BlackElo "2406"]
[TimeControl "180+2"]
[EndTime "13:37:28 PST"]
[Termination "Game drawn by repetition"]

1. e4 c5 2. Nf3 d6 3. d4 cxd4 4.
Nxd4 Nf6 5. Nc3 Nc6 6. Bg5 e6 7.
Qd2 a6 8. O-O-O Bd7 9. f4 Be7 10. Nf3 Qc7 11. g4 b5 12. Bxf6 gxf6 13. h4 h6 14. Bh3 Na5 15. Kb1 Nc4 16. Qd4 Rc8 17.
Rc1 Qc5 18. Qxc5 Rxc5 19. Ne1 b4 20. Ne2 Nd2+ 21. Ka1 Nxe4 22. Nd3 Rb5 23. Nd4 Rb6 24. Bg2 Nc5 25. Rhe1 Rg8 26. Bf3 Kf8 27. h5 a5 28. Nb3 Nxb3+ 29. cxb3 Kg7 30. Rc7 Rd8 31. f5 e5 32. Bd5 Kf8 33. Nf2 Rb5 34. Rd1 Rc8 35.
Rxc8+ Bxc8 36. Kb1 Rc5 37. a3 Ba6 38. axb4 axb4 39.
Bf3 Rc8 40. Bd5 Ke8 41. Rd2 Bd8 42. Ne4 Be7 43. Nf2 Rc7 44. Ne4 Rc8 45. Nf2 1/2-1/2

[Event "*** Titled Tuesday Blitz"]
[Site "Chess.com"]
[Date "2018.12.04"]
[Round "3"]
[White "mazetofonias"]
[Black "Gabrielian_Artur"]
[Result "1/2-1/2"]
[WhiteElo "2564"]
[BlackElo "2706"]
[TimeControl "180+2"]
[EndTime "13:37:28 PST"]
[Termination "Game drawn - insufficient material"]

1. d4 Nf6 2. Nf3 e6 3. Bg5 h6 4.
Bh4 c5 5. e3 Qb6 6. Qc1 Nc6 7.
c3 Be7 8. Nbd2 d5 9. Bd3 Bd7 10. Rb1 Rc8 11. Qd1 O-O 12. O-O Rfe8 13. Qe2 a6 14. a3 Qc7 15. dxc5 e5 16. Bxf6 Bxf6 17.
e4 d4 18. cxd4 exd4 19. b4 Bg4 20. h3 Bh5 21. Nc4 Ne5 22. Ncxe5 Bxe5 23. g4 Bg6 24. Nxe5 Qxe5 25. f4 Qe7 26. f5 Bh7 27. Kg2 Kh8 28. Rbe1 f6 29. h4 a5 30. Qd2 axb4 31. axb4 Bg8 32.
g5 Qe5 33. gxh6 gxh6 34. Qxh6+ Bh7 35. Qf4 Qe7 36. Kh2 b6 37. Qd6 bxc5 38. bxc5 Rxc5 39.
Qxd4 Rd8 40. Qe3 Rc3 41. Rd1 Qd6+ 42. e5 Rxd3 43. Rxd3 Qxd3 44. Qxd3 Rxd3 45. exf6 Rd6 46. Kg3 Rxf6 47. Kg4 Kg7 48. Kg5 Bg8 49. Rc1 Bf7 50. Rc7 Ra6 51. h5 Rb6 52. Ra7 Rc6 53. Rb7 Ra6 54. Rd7 Rc6 55. Ra7 Rb6 56. Rc7 Ra6 57. Rb7 Rc6 58. h6+ Rxh6 59. Rxf7+ Kxf7 60. Kxh6 Kf6 61.
Kh7 Kxf5 1/2-1/2

[Event "*** Titled Tuesday Blitz"]
[Site "Chess.com"]
[Date "2018.12.04"]
[Round "3"]
[White "alishersuleymenov"]
[Black "saraswathii"]
[Result "0-1"]
[WhiteElo "2467"]
[BlackElo "2271"]
[TimeControl "180+2"]
[EndTime "13:37:31 PST"]
[Termination "saraswathii won on time"]

1. d4 Nf6 2. c4 Nc6 3. Nf3 d6 4.
Nc3 g6 5. e4 Bg7 6. Be2 O-O 7.
O-O e5 8. Be3 Ng4 9. Bg5 f6 10.
Bh4 g5 11. Bg3 h5 12. d5 Ne7 13. Nd2 f5 14. h3 Nf6 15. Bxh5 g4 16. exf5 Nxh5 17.
hxg4 Nxg3 18. fxg3 Bxf5 19. gxf5 Nxf5 20. Qe1 Qg5 21.
Nde4 Qg6 22. Qf2 Bh6 23. Rae1 Ne3 24. Nf6+ Kg7 25. Nce4 Nxf1 26. Rxf1 Bg5 27. Nxg5 Qxg5 28. Ne4 Qg4 29. Qe3 Rxf1+ 30. Kxf1 Qd1+ 31. Qe1 Rf8+ 32. Nf2 Qd3+ 33. Kg1 Qxg3 34. Qd2 Rf4 35. b3 Qg6 36.
Nh3 Rh4 37. Kh2 Qh6 38. Qf2 Qf4+ 39. Qxf4 exf4 40. Kg1 f3 41. Ng5 fxg2 42. Ne6+ Kf6 0-1

[Event "*** Titled Tuesday Blitz"]
[Site "Chess.com"]
[Date "2018.12.04"]
[Round "3"]
[White "gmcorrales"]
[Black "Msb2"]
[Result "1-0"]
[WhiteElo "2792"]
[BlackElo "2737"]
[TimeControl "180+2"]
[EndTime "13:37:33 PST"]
[Termination "gmcorrales won by resignation"]

1. e4 e6 2. d4 d5 3. e5 c5 4. c3 Qb6 5. Nf3 Nc6 6. a3 c4 7. Nbd2 Na5 8. Rb1 Bd7 9. Be2 Ne7 10. O-O Qc7 11. Ne1 Nf5 12. g3 Be7 13. Ng2 h5 14. Bxh5 g6 15. Be2 O-O-O 16. Nf3 Nb3 17. Bg5 Ba4 18.
Qe1 b5 19. Bd1 a5 20. h4 Kb7 21. Bxe7 Qxe7 22. Ng5 b4 23. axb4 axb4 24. Bxb3 Bxb3 25. Qd2 Ra8 26. Ra1 Kc6 27. Ne3 bxc3 28. bxc3 Ng7 29.
Qb2 Kb5 30. Rfb1 Rhb8 31. Qe2 Kc6 32. Qf3 Nf5 33. Nxf5 gxf5 34. Qh5 Bc2 35. Rc1 Rxa1 36. Rxa1 Rb3 37. Qh8 Rb1+ 38. Rxb1 Bxb1 39. Qc8+ Qc7 40. Qxc7+ Kxc7 41. f4 Kd7 42. Nxf7 Ke7 43. Ng5 Bc2 44. h5 Ba4 45. h6 Kf8 46. Nxe6+ Kg8 47. Ng5 1-0

[Event "*** Titled Tuesday Blitz"]
[Site "Chess.com"]
[Date "2018.12.04"]
[Round "3"]
[White "alpasya2009"]
[Black "jefferyx"]
[Result "1-0"]
[WhiteElo "2583"]
[BlackElo "2739"]
[TimeControl "180+2"]
[EndTime "13:37:34 PST"]
[Termination "alpasya2009 won by resignation"]

1. d4 Nf6 2. c4 e6 3. Nf3 d5 4. g3 dxc4 5. Bg2 a6 6. O-O Nc6 7.
e3 Rb8 8. Nfd2 e5 9. Bxc6+ bxc6 10. dxe5 Ng4 11. Nxc4 Be6 12. Nbd2 h5 13. f3 Nh6 14. b3 Nf5 15. Qe2 Qg5 16. Ne4 Qg6 17. Kf2 Bb4 18. Bd2 Be7 19. Ba5 Rb5 20. Bxc7 O-O 21. Ned6 h4 22. g4 h3 23. Nxb5 axb5 24. Nd6 Bh4+ 25.
Kg1 Ne7 26. Ne4 Bxg4 27. fxg4 Qxe4 28. Bd6 Bg5 29. Qf3 Qg6 30. Qxh3 Re8 31. Bxe7 Rxe7 32. Rf5 Rd7 33. Raf1 Rd2 34. Rxf7 Qxf7 35. Rxf7 Kxf7 36. Qf3+ Ke7 37. Qxc6 Bxe3+ 38. Kf1 Rf2+ 39. Ke1 b4 40. Qd6+ Kf7 41. e6+ 1-0

[Event "*** Titled Tuesday Blitz"]
[Site "Chess.com"]
[Date "2018.12.04"]
[Round "3"]
[White "MartinNeu"]
[Black "Alopekos"]
[Result "0-1"]
[WhiteElo "2480"]
[BlackElo "2489"]
[TimeControl "180+2"]
[EndTime "13:37:35 PST"]
[Termination "Alopekos won by resignation"]

1. e4 e5 2. Nf3 Nc6 3. Bb5 a6 4. Ba4 Nf6 5. O-O b5 6. Bb3 Bc5 7. c3 d6 8. d4 Bb6 9. a4 Bb7 10.
a5 Nxa5 11. dxe5 Nxb3 12. Qxb3 Nxe4 13. e6 fxe6 14. Qxe6+ Qe7 15. Qb3 O-O-O 16. c4 bxc4 17. Qxc4 Nxf2 18. Rxf2 Bxf3 19. Kf1 Bxf2 20. gxf3 Qe1+ 21.
Kg2 Bc5 22. Qxa6+ Kd7 23. Qb5+ c6 24. Qb7+ Ke6 25. Nd2 Qe2+ 26. Kh3 Rhf8 27. Qxc6 Rf5 28.
Qe4+ Qxe4 29. Nxe4 Rxf3+ 30. Kg2 Rb3 31. Ra6 Kd5 32.
Nc3+ Kc4 33. Ne4 Re8 34. Ra4+ Kb5 35. Nxc5 dxc5 36. Rg4 g6 37. Rg5 Re1 38. Rg3 Rxg3+ 39. hxg3 Rxc1 0-1

[Event "*** Titled Tuesday Blitz"]
[Site "Chess.com"]
[Date "2018.12.04"]
[Round "3"]
[White "Chessialist"]
[Black "gkchesstiger"]
[Result "0-1"]
[WhiteElo "2520"]
[BlackElo "2793"]
[TimeControl "180+2"]
[EndTime "13:37:36 PST"]
[Termination "gkchesstiger won by resignation"]

1. e4 e5 2. Nf3 Nc6 3. Bb5 a6 4. Ba4 Nf6 5. O-O Be7 6. Qe2 b5 7. Bb3 d6 8. c3 O-O 9. Rd1 Bg4 10. d3 Na5 11. Bc2 c5 12. h3 Bd7 13. Nbd2 Re8 14. Nf1 Bf8 15. g4 g6 16. Ng3 Bg7 17. g5 Bxh3 18. gxf6 Qxf6 19. Nh2 Qh4 20. a3 Nc6 21. Bb3 Be6 22. Bxe6 fxe6 23. Qg4 Qxg4 24. Nxg4 d5 25. Kg2 h5 26. Nh2 Rad8 27. Bg5 Rd7 28. Nf3 Rf8 29. b4 Rdf7 30. Nh4 Rxf2+ 31. Kg1 Kh7 32. Rf1 Rxf1+ 33.
Rxf1 Rxf1+ 34. Kxf1 d4 35. Bd2 dxc3 36. Bxc3 cxb4 37.
axb4 g5 38. Nf3 Kg6 39. Bd2 Bf6 40. Ke2 g4 41. Nh2 h4 42. Nxg4 hxg3 43. Nxf6 Kxf6 44.
Kf3 Nd4+ 45. Kxg3 Nb3 46. Be3 a5 47. bxa5 Nxa5 48. d4 Nc4 49. dxe5+ Kxe5 50. Bc5 Kxe4 51. Kf2 Kd3 52. Ke1 e5 53. Kd1 e4 54. Ke1 e3 55.
Bb4 e2 56. Bc5 Ne5 57. Kf2 Kd2 58. Bb4+ Kd1 59. Ke3 Nc6 60. Bd2 e1=Q+ 61. Bxe1 Kxe1 0-1

[Event "*** Titled Tuesday Blitz"]
[Site "Chess.com"]
[Date "2018.12.04"]
[Round "3"]
[White "matiss90"]
[Black "dreamist"]
[Result "0-1"]
[WhiteElo "2420"]
[BlackElo "2640"]
[TimeControl "180+2"]
[EndTime "13:37:36 PST"]
[Termination "dreamist won by checkmate"]

1. e4 c5 2. Nf3 d6 3. d4 cxd4 4. Nxd4 Nf6 5. Nc3 a6 6. Bc4 e6 7.
Bb3 Nbd7 8. Bg5 Nc5 9. f4 Be7 10. Qf3 h6 11. Bh4 g5 12. fxg5 Nfd7 13. O-O Ne5 14. Qh5 Qb6 15. Kh1 Bd7 16. gxh6 Qd8 17. Bg3 Rh7 18. Rad1 Qb6 19. Nf5 exf5 20. Nd5 Qd8 21.
exf5 Bf6 22. Rde1 Bc6 23. Rd1 Nxb3 24. axb3 Bxd5 25. Rxd5 Qe7 26. Bf4 O-O-O 27. c4 Rg8 28. h3 Bg5 29. Bxe5 dxe5 30. f6 Qe6 31. Qe2 Bxf6 32.
Qe3 Kb8 33. Rfd1 Bg5 34. Qe4 Rxh6 35. Rxe5 Rxh3+ 36. Kg1 Be3+ 37. Kf1 Qf6+ 38. Rf5 Qxb2 39. Rxf7 Rh1# 0-1

[Event "*** Titled Tuesday Blitz"]
[Site "Chess.com"]
[Date "2018.12.04"]
[Round "3"]
[White "nitpicker"]
[Black "armago"]
[Result "0-1"]
[WhiteElo "2180"]
[BlackElo "2027"]
[TimeControl "180+2"]
[EndTime "13:37:36 PST"]
[Termination "armago won by checkmate"]

1. d4 Nf6 2. c4 g6 3. Nc3 d5 4.
Nf3 Bg7 5. Qb3 dxc4 6. Qxc4 O-O 7. e4 a6 8. Be2 b5 9. Qb3 c5 10. dxc5 Bb7 11. a4 Nbd7 12. Qb4 Qc7 13. O-O Qxc5 14. Qxc5 Nxc5 15. e5 Ng4 16. Bf4 b4 17.
Na2 a5 18. h3 Nh6 19. Bb5 Bxf3 20. gxf3 Nf5 21. Rac1 Ne6 22. Bh2 Ned4 23. Bc6 Ne2+ 24.
Kg2 Nxc1 25. Nxc1 Rac8 26. Be4 e6 27. Nb3 Nh4+ 28. Kg3 g5 29. Kg4 h6 30. f4 Rc4 31.
Bd3 Rc7 32. fxg5 hxg5 33. f4 Rd8 34. Bb5 Nf5 35. Rg1 gxf4 36. Bxf4 Kf8 37. Nxa5 Rc2 38.
Nc6 Rc8 39. Nxb4 Rxb2 40. Nc6 Ra8 41. Bc1 Rc2 42. Ba3+ Kg8 43. Rd1 Kh7 44. a5 Rg8 45. a6 Rf2 46. h4 Bh6+ 47. Kh5 Ng3# 0-1

[Event "*** Titled Tuesday Blitz"]
[Site "Chess.com"]
[Date "2018.12.04"]
[Round "3"]
[White "Slovak_fighter2000"]
[Black "PlotnikovPavel"]
[Result "0-1"]
[WhiteElo "2451"]
[BlackElo "2351"]
[TimeControl "180+2"]
[EndTime "13:37:36 PST"]
[Termination "PlotnikovPavel won by resignation"]

1. e4 e6 2. d4 d5 3. Bd3 dxe4 4. Bxe4 Nf6 5. Bf3 c5 6. Ne2 Nc6 7. Be3 cxd4 8. Nxd4 Nxd4 9. Qxd4 Qxd4 10. Bxd4 Bd6 11. Nc3 a6 12. O-O-O Ke7 13. Rhe1 Rd8 14. Rd2 Bf4 15.
Be3 Rxd2 16. Bxd2 Bxd2+ 17. Kxd2 Rb8 18. a4 Bd7 19. b3 Ne8 20. Re3 Nd6 21. Ne4 Nf5 22.
Rc3 Bc6 23. Ng3 Bxf3 24. Rxf3 Nd4 25. Rd3 Rd8 26. Kc3 e5 27. Kb2 g6 28. Ne4 Ne6 29.
Rxd8 Nxd8 30. Kc3 f5 31. Nc5 Kd6 32. b4 a5 33. Nb3 axb4+ 34. Kxb4 Kc6 35. Na5+ Kc7 36.
Nc4 e4 37. Kc5 Ne6+ 38. Kb4 Nd4 39. Kc3 Ne2+ 40. Kd2 Nf4 41. g3 Nd5 42. Na3 Kc6 43. Nb5 Kc5 44. c3 Nb6 45. Nd4 Nxa4 46. Nb3+ Kd6 47.
Na5 Nc5 48. Ke3 b5 49. Kd4 Ne6+ 50. Ke3 Kd5 51. Kd2 Ng5 52. h4 Nf3+ 53. Ke3 Ne5 54.
Ke2 Nc4 55. Nb3 Nb2 56. Nd4 b4 57. Kd2 bxc3+ 58. Kxc3 Na4+ 0-1

[Event "*** Titled Tuesday Blitz"]
[Site "Chess.com"]
[Date "2018.12.04"]
[Round "3"]
[White "rasmussvane"]
[Black "Hrant_ChessMood"]
[Result "0-1"]
[WhiteElo "2677"]
[BlackElo "2946"]
[TimeControl "180+2"]
[EndTime "13:37:39 PST"]
[Termination "Hrant_ChessMood won by resignation"]

1. Nf3 d5 2. d4 Nf6 3. c4 e6 4. g3 dxc4 5. Bg2 Bb4+ 6. Bd2 a5 7.
Qc2 c5 8. dxc5 Bxc5 9. O-O Nbd7 10. Rd1 Qc7 11. Bf4 e5 12. Bg5 O-O 13. Nbd2 b5 14.
a4 Ba6 15. axb5 Bxb5 16. e3 Rac8 17. Rdc1 Bb4 18. Bf1 Nd5 19. e4 N5b6 20. Be3 Qb7 21. Qd1 Rfd8 22. Qc2 Nc5 23. Nxc4 Nxc4 24. Bxc4 Nxe4 25.
Bxf7+ Kf8 26. Qb1 Rxc1+ 27. Qxc1 Qxf7 28. Nxe5 Qd5 29. Qc7 Nf6 30. h3 Be8 31. Rc1 Rd6 32. Bf4 Re6 33. Qb8 Bd6 34. Qc8 Bxe5 35. Be3 Bxb2 36. Rc5 Qd1+ 37. Kh2 Qd7 38. Qb8 Ba3 39. Rc7 Bd6 40. Bc5 Bxc5 41. Rxd7 Nxd7 42. Qf4+ Rf6 0-1